 Dungeon Crawl Stone Soup version 0.23.0 (webtiles) character file.

Game seed: 411428421909134643

1410642 Borgoz the Conqueror (level 27, -4/273 HPs)
             Began as a Ghoul Gladiator on Feb 10, 2019.
             Was a High Priest of Okawaru.
             Slain by a tentacled monstrosity (6 damage)
             ... on level 5 of the Realm of Zot on Feb 16, 2019.
             The game lasted 08:43:47 (126206 turns).

Borgoz the Conqueror (Ghoul Gladiator)            Turns: 126206, Time: 08:43:48

Health: -4/273     AC: 20    Str: 27    XL:     27
Magic:  0/44       EV: 34    Int: 20    God:    Okawaru [*****.]
Gold:   8714       SH:  0    Dex: 24    Spells: 42/53 levels left

rFire    + + +     SeeInvis +     - Unarmed
rCold    + + +     Gourm    .   (no shield)
rNeg     + + +     Faith    .   p - +4 moon troll leather armour {Spirit, Regen++ MP+5}
rPois    ∞         Spirit   +   i - +2 hat of Otelul {rPois rC+ Slay+2}
rElec    +         Reflect  .   H - scarf {rC+ rF+}
rCorr    .         Harm     .   (no gloves)
MR       +++..                  g - +1 pair of boots "Vovetrud" {rElec Int+4 Dex+3}
Stlth    ++++......             m - amulet "Gedofiad" {Acrobat rF+ Int+8}
HPRegen  0.00/turn              E - ring "Zoekkal" {Str+5 Int+5 Dex+2}
MPRegen  0.29/turn              o - ring "Buorch" {rF+ MR+ AC+2 SInv}

@: about to teleport, heroism, rotting, slowed, constricted, studying Stealth,
very slow
A: rotting body, claws 1, carnivore, cold resistance 1, negative energy
resistance 3, inhibited regeneration, torment resistance, unbreathing
}: 15/15 runes: barnacled, slimy, silver, golden, iron, obsidian, icy, bone,
abyssal, demonic, glowing, magical, fiery, dark, gossamer
a: Heroism, Finesse, Renounce Religion


You were on level 5 of the Realm of Zot.
You worshipped Okawaru.
Okawaru was extremely pleased with you.
You were not hungry.

You visited 18 branches of the dungeon, and saw 90 of its levels.
You visited Pandemonium 1 time, and saw 12 of its levels.
You visited the Abyss 2 times.
You visited 1 bazaar.
You also visited: Trove, Ossuary, Ice Cave and Volcano.

You collected 15799 gold pieces.
You spent 7085 gold pieces at shops.

Inventory:

Missiles
 c - 12 throwing nets (quivered)
Armour
 g - the +1 pair of boots "Vovetrud" (worn) {rElec Int+4 Dex+3}
   (You found it on level 1 of the Crypt)

   It affects your intelligence (+4).
   It affects your dexterity (+3).
   It insulates you from electricity.
 i - the +2 hat of Otelul (worn) {rPois rC+ Slay+2}
   (Okawaru gifted it to you on level 2 of the Depths)

   It affects your accuracy and damage with ranged weapons and melee attacks
   (+2).
   It protects you from cold.
   It protects you from poison.
 p - the +4 moon troll leather armour (worn) {Spirit, Regen++ MP+5}
   (You bought it in a shop on level 2 of the Orcish Mines)

   It affects your magic capacity (+5).
   It increases your rate of regeneration.
 B - the +14 crystal plate armour of Mezcal {rElec rF+ rCorr Str+3}
   (Okawaru gifted it to you in Pandemonium)

   It affects your strength (+3).
   It protects you from fire.
   It insulates you from electricity.
   It provides partial protection from all sources of acid and corrosion.
 H - a scarf of resistance (worn)
 J - a +2 pair of boots of flying
 Q - a +5 shield of reflection
 W - a +2 pair of boots of running
 Z - a +7 large shield of reflection
Jewellery
 m - the amulet "Gedofiad" (around neck) {Acrobat rF+ Int+8}
   (You bought it in a shop on level 4 of the Shoals)

   [amulet of the acrobat]

   It helps you evade while moving and waiting.
   It affects your intelligence (+8).
   It protects you from fire.
 o - the ring "Buorch" (right claw) {rF+ MR+ AC+2 SInv}
   (You found it on level 7 of Cocytus)

   [ring of protection]

   It affects your AC (+2).
   It protects you from fire.
   It affects your resistance to hostile enchantments.
   It lets you see invisible.
 A - the ring "Ifrais" {+Blink rF+++ MR+ Int-2 Stlth+}
   (You found it on level 5 of the Pits of Slime)

   [ring of protection from magic]

   It affects your intelligence (-2).
   It renders you almost immune to fire.
   It affects your resistance to hostile enchantments.
   It lets you blink.
   It makes you more stealthy.
 E - the ring "Zoekkal" (left claw) {Str+5 Int+5 Dex+2}
   (You found it on level 5 of the Vaults)

   [ring of dexterity]

   It affects your strength (+5).
   It affects your intelligence (+5).
   It affects your dexterity (+2).
 M - the ring of Muduc {rElec Str+4 Int+6 Slay+3}
   (You found it on level 7 of Tartarus)

   [ring of strength]

   It affects your strength (+4).
   It affects your intelligence (+6).
   It affects your accuracy and damage with ranged weapons and melee attacks
   (+3).
   It insulates you from electricity.
 U - the ring of Ziqad {+Inv rF+ rC+}
   (You bought it in a shop on level 2 of the Vaults)

   [ring of protection from cold]

   It protects you from fire.
   It protects you from cold.
   It lets you turn invisible.
 X - the amulet of Riskod Nonop {rElec Regen+ Str+2}
   (You found it in Pandemonium)

   [amulet of regeneration]

   It affects your strength (+2).
   It insulates you from electricity.
   It increases your rate of regeneration.
Wands
 n - a wand of paralysis (76)
 s - a wand of clouds (16)
 u - a wand of acid (48)
 v - a wand of iceblast (72)
 z - a wand of enslavement (14)
 L - a wand of digging (5)
 P - a wand of flame (83)
 T - a wand of scattershot (23)
 V - a wand of disintegration (39)
Scrolls
 a - 9 scrolls of fear
 b - a scroll of amnesia
 e - 7 scrolls of teleportation
 h - 31 scrolls of remove curse
 j - 5 scrolls of enchant weapon
 x - 4 scrolls of fog
 D - 10 scrolls of magic mapping
 I - 3 scrolls of torment
 K - 4 scrolls of identify
 Y - 4 scrolls of blinking
Potions
 f - 28 potions of curing
 k - 5 potions of haste
 q - a potion of might
 r - 3 potions of flight
 t - 3 potions of agility
 w - 4 potions of resistance
 C - 2 potions of brilliance
 G - 2 potions of magic
 N - 3 potions of invisibility
 R - 3 potions of cancellation
Books
 F - a manual of Stealth
Miscellaneous
 l - the horn of Geryon
Comestibles
 d - 117 rations


   Skills:
 O Level 27 Fighting
   Level 6.1(11.1) Crossbows
 + Level 14.3(19.3) Throwing
 + Level 26.7(27) Armour
 O Level 27 Dodging
 - Level 2.6(7.6) Stealth
 + Level 19.8(24.8) Shields
 O Level 27 Unarmed Combat
 + Level 13.9 Spellcasting
 - Level 14.3 Charms
 - Level 15.6 Necromancy
 + Level 17.3 Translocations
 - Level 17.5 Invocations
 - Level 15.6 Evocations


You had 42 spell levels left.
You knew the following spells:

 Your Spells              Type           Power        Failure   Level  Hunger
a - Regeneration          Chrm/Necr      ######....   1%          3    None
b - Controlled Blink      Tloc           N/A          26%         8    #######

Your spell library contained the following spells:

 Spells                   Type           Power        Failure   Level  Hunger
 Animate Skeleton         Necr           N/A          0%          1    None
 Apportation              Tloc           ######       0%          1    None
 Infusion                 Chrm           ####         0%          1    None
 Pain                     Necr           ####         0%          1    None
 Blink                    Tloc           N/A          0%          2    None
 Corpse Rot               Necr           N/A          0%          2    None
 Shroud of Golubria       Chrm/Tloc      ######....   0%          2    None
 Gell's Gravitas          Tloc           ######....   0%          3    None
 Lesser Beckoning         Tloc           ######....   0%          3    None
 Teleport Other           Tloc           ######..     0%          3    None
 Song of Slaying          Chrm           ######..     1%          2    None
 Swiftness                Chrm/Air       #####...     1%          2    None
 Ozocubu's Armour         Chrm/Ice       #####...     1%          3    None
 Portal Projectile        Hex/Tloc       #####.       1%          3    None
 Recall                   Summ/Tloc      N/A          1%          3    None
 Spectral Weapon          Hex/Chrm       #####...     1%          3    None
 Vampiric Draining        Necr           ######....   1%          3    None
 Animate Dead             Necr           N/A          1%          4    None
 Force Lance              Conj/Tloc      #####...     1%          4    None
 Passage of Golubria      Tloc           N/A          1%          4    None
 Agony                    Necr           ######..     1%          5    ####...
 Dispel Undead            Necr           ######..     1%          5    ####...
 Excruciating Wounds      Chrm/Necr      ######....   1%          5    ####...
 Death Channel            Necr           ######....   1%          6    #####..
 Dispersal                Tloc           ######....   1%          6    #####..
 Summon Forest            Summ/Tloc      #####.....   3%          5    ####...
 Confusing Touch          Hex            ##....       4%          1    None
 Corona                   Hex            ##.....      4%          1    None
 Flame Tongue             Conj/Fire      ##...        4%          1    None
 Freeze                   Ice            ##..         4%          1    None
 Magic Dart               Conj           ##..         4%          1    None
 Sandblast                Erth           ##....       4%          1    None
 Shock                    Conj/Air       ##..         4%          1    None
 Sting                    Conj/Pois      ##..         4%          1    None
 Summon Butterflies       Summ           ##......     4%          1    None
 Summon Small Mammal      Summ           ##..         4%          1    None
 Bolt of Draining         Conj/Necr      #####.....   5%          5    ####...
 Borgnjor's Vile Clutch   Necr/Erth      #####.....   5%          5    ####...
 Iskenderun's Battlesphe  Conj/Chrm      #####...     7%          5    ####...
 Call Imp                 Summ           ##......     8%          2    None
 Ensorcelled Hibernation  Hex/Ice        ##....       8%          2    None
 Passwall                 Tmut/Erth      ##......     8%          2    None
 Poisonous Vapours        Pois/Air       ##....       8%          2    None
 Searing Ray              Conj           ##....       8%          2    None
 Slow                     Hex            ##......     8%          2    None
 Sticks to Snakes         Tmut           ##......     8%          2    None
 Throw Flame              Conj/Fire      ##....       8%          2    None
 Throw Frost              Conj/Ice       ##....       8%          2    None
 Call Canine Familiar     Summ           ##......     14%         3    None
 Confuse                  Hex            ##......     14%         3    None
 Conjure Flame            Conj/Fire      ##......     14%         3    None
 Dazzling Spray           Conj/Hex       ##....       14%         3    None
 Ignite Poison            Fire/Tmut/Pois ##......     14%         3    None
 Inner Flame              Hex/Fire       ##......     14%         3    None
 Mephitic Cloud           Conj/Pois/Air  ##......     14%         3    None
 Static Discharge         Conj/Air       ##......     14%         3    None
 Stone Arrow              Conj/Erth      ##....       14%         3    None
 Summon Guardian Golem    Hex/Summ       ##......     14%         3    None
 Tukima's Dance           Hex            ##......     14%         3    None
 Disjunction              Tloc           ######....   26%         8    #######
 Simulacrum               Ice/Necr       #####.....   30%         6    #####..
 Deflect Missiles         Chrm/Air       #####.....   36%         6    #####..
 Airstrike                Air            ##........   43%         4    None
 Cause Fear               Hex            ##........   43%         4    None
 Fulminant Prism          Conj/Hex       ##........   43%         4    None
 Iskenderun's Mystic Bla  Conj           ##......     43%         4    None
 Leda's Liquefaction      Hex/Erth       ##........   43%         4    None
 Olgreb's Toxic Radiance  Pois           ##......     43%         4    None
 Petrify                  Tmut/Erth      ##......     43%         4    None
 Sticky Flame             Conj/Fire      ##......     43%         4    None
 Summon Ice Beast         Ice/Summ       ##......     43%         4    None
 Summon Lightning Spire   Summ/Air       ##......     43%         4    None
 Throw Icicle             Conj/Ice       ##......     43%         4    None
 Alistair's Intoxication  Tmut/Pois      ##......     80%         5    ####...
 Aura of Abjuration       Summ           ##........   80%         5    ####...
 Bolt of Magma            Conj/Fire/Erth ##........   80%         5    ####...
 Fireball                 Conj/Fire      ##........   80%         5    ####...
 Irradiate                Conj/Tmut      ##........   80%         5    ####...
 Lee's Rapid Deconstruct  Erth           ##........   80%         5    ####...
 Lightning Bolt           Conj/Air       ##........   80%         5    ####...
 Metabolic Englaciation   Hex/Ice        ##........   80%         5    ####...
 Silence                  Hex/Air        ##........   80%         5    ####...
 Summon Demon             Summ           ##........   80%         5    ####...
 Summon Mana Viper        Hex/Summ       ##......     80%         5    ####...
 Venom Bolt               Conj/Pois      ##........   80%         5    ####...
 Yara's Violent Unravell  Hex/Tmut       ##........   80%         5    ####...
 Haunt                    Necr/Summ      #####.....   86%         7    #######
 Ring of Flames           Chrm/Fire      #####.....   91%         7    #######
 Bolt of Cold             Conj/Ice       ##........   100%        6    #####..
 Bolt of Fire             Conj/Fire      ##........   100%        6    #####..
 Conjure Ball Lightning   Conj/Air       ##........   100%        6    #####..
 Darkness                 Hex            ##........   100%        6    #####..
 Freezing Cloud           Conj/Ice/Air   ##........   100%        6    #####..
 Invisibility             Hex            ##......     100%        6    #####..
 Iron Shot                Conj/Erth      ##........   100%        6    #####..
 Ozocubu's Refrigeration  Ice            ##........   100%        6    #####..
 Poison Arrow             Conj/Pois      ##........   100%        6    #####..
 Shadow Creatures         Summ           N/A          100%        6    #####..
 Orb of Destruction       Conj           ##........   100%        7    #######
 Spellforged Servitor     Conj/Summ      ##........   100%        7    #######
 Summon Hydra             Summ           ##........   100%        7    #######
 Chain Lightning          Conj/Air       ##........   100%        8    #######
 Discord                  Hex            ##........   100%        8    #######
 Ignition                 Fire           ##........   100%        8    #######
 Lehudib's Crystal Spear  Conj/Erth      ##........   100%        8    #######
 Dragon's Call            Summ           ##........   100%        9    #######
 Fire Storm               Conj/Fire      ##........   100%        9    #######
 Glaciate                 Conj/Ice       ##........   100%        9    #######
 Shatter                  Erth           ##........   100%        9    #######
 Tornado                  Air            ##........   100%        9    #######
 Sublimation of Blood     Necr           Unusable     N/A         2    N/A
 Beastly Appendage        Tmut           Unusable     N/A         1    N/A
 Spider Form              Tmut/Pois      Unusable     N/A         3    N/A
 Ice Form                 Ice/Tmut       Unusable     N/A         4    N/A
 Blade Hands              Tmut           Unusable     N/A         5    N/A
 Hydra Form               Tmut           Unusable     N/A         6    N/A
 Statue Form              Tmut/Erth      Unusable     N/A         6    N/A
 Dragon Form              Tmut           Unusable     N/A         7    N/A

Dungeon Overview and Level Annotations

Branches:
Dungeon (15/15)            Temple (1/1) D:4            Lair (6/6) D:9
 Shoals (4/4) Lair:4       Spider (4/4) Lair:4        Slime (5/5) Lair:6
    Orc (2/2) D:11            Elf (3/3) Orc:2        Vaults (5/5) D:14
  Crypt (3/3) Vaults:2       Tomb (3/3) Crypt:3      Depths (5/5) D:15
   Hell (1/1)                 Dis (7/7) Hell            Geh (7/7) Hell
    Coc (7/7) Hell            Tar (7/7) Hell            Zot (5/5) Depths:5

Altars:
Ashenzari
Cheibriados
Dithmenos
Elyvilon
Fedhas
Gozag
Hepliaklqana
Kikubaaqudgha
Makhleb
Nemelex Xobeh
Okawaru
Qazlal
Ru
Sif Muna
Trog
Uskayaw
Vehumet
Wu Jian
Xom
Yredelemnul
Zin
The Shining One
Beogh
Jiyva

Shops:
D:6 [   D:11 }   Orc:2 *?*[   Elf:1 %   Shoals:2 ?%(([   Shoals:4 [=
Vaults:1 *   Vaults:2 =   Zot:5 *   Depths:1 *

Portals:
Hell: Depths:1 Depths:2 Depths:3 Depths:4 Depths:5
Abyss: Depths:1 Depths:4 Depths:5
Pandemonium: Depths:3 Depths:4
Ziggurat: Depths:1


Innate Abilities, Weirdness & Mutations

Your body is rotting away.
You thrive on raw meat.
You are immune to poison.
You have sharp fingernails.
You are carnivorous and can eat meat at any time.
Your flesh is cold resistant. (rC+)
You are immune to negative energy. (rN+++)
You do not regenerate when monsters are visible.
You are immune to unholy pain and torment.
You can survive without breathing.


Message History

The death cob hits you!
* * * LOW HITPOINT WARNING * * *
The death cob drains your vigour!
You feel as though you will be slow longer.
The Orb Guardian hits you!!
* * * LOW HITPOINT WARNING * * *
The Orb Guardian hits you!!
* * * LOW HITPOINT WARNING * * *
The tentacled monstrosity misses you.
The tentacled monstrosity barely misses you. x2
The tentacled monstrosity grabs you.
* * * LOW HITPOINT WARNING * * *
The tentacled monstrosity constricts you.
The death cob hits you but does no damage.
The Orb Guardian misses you. The Orb Guardian completely misses you.
The Orb Guardian misses you.
The tentacled monstrosity completely misses you. x2
The tentacled monstrosity tentacle-slaps you!
* * * LOW HITPOINT WARNING * * *
You die...

... ... ▓▓▓▓▓▓▓▓▓
.... ▓▓....^..▓▓
.^...▓▓........X▓▓
...▓.^...(.....▓
...XXXX^0.......
.▓zXXX.......▓.
▓▓@XXX.....▓▓
▓▓XXX....▓▓
▓▓▓▓▓▓▓▓▓


You could see a tentacled monstrosity, a death cob and 12 Orb Guardians.

Vanquished Creatures
  Cerebov (Pan)
  Antaeus (Coc:7)
  Asmodeus (Geh:7)
  the Royal Jelly (Slime:5)
  Ereshkigal (Tar:7)
  Gloorx Vloq (Pan)
  Mnoleg (Pan)
  7 pandemonium lords (Pan)
  the Serpent of Hell (Coc:7)
  Lom Lobon (Pan)
  An orb of fire (Zot:2)
  2 ancient liches
  Mara (Vaults:4)
  Dispater (Dis:7)
  Mennas (Crypt:2)
  2 juggernauts
  Boris (Crypt:3)
  24 greater mummies
  12 shard shrikes (Coc:7)
  Margery (Crypt:2)
  Saint Roka (Depths:4)
  Xtahua (Depths:3)
  2 curse toes
  Jory (Vaults:4)
  13 golden dragons
  the Enchantress (Depths:2)
  A profane servitor (Crypt:3)
  Nikola (Elf:1)
  26 bone dragons
  Geryon (Hell)
  21 Brimstone Fiends
  22 doom hounds
  47 Tzitzimimeh
  2 electric golems
  2 hellephants
  8 iron giants
  16 Hell Sentinels
  18 Ice Fiends
  Asterion (Depths:2)
  Rupert (D:15)
  The ghost of Meod the Warrior, an adept MiBe of Trog (Shoals:3)
  17 tentacled monstrosities
  10 liches
  8 Orb Guardians (Zot:5)
  5 deep elf blademasters
  The ghost of Torikoriko the Brawler, an adept TrGl of Cheibriados (Elf:1)
  5 titans
  4 quicksilver dragons
  26 acid blobs
  Murray (Hell)
  2 deep elf master archers (Elf:3)
  11 sphinxes
  10 death cobs
  5 tentacled starspawn (Abyss:3)
  Gastronok (D:11)
  A kraken (Shoals:1)
  29 ancient champions
  Frances (Elf:1)
  Kirke (D:15)
  2 eldritch tentacles
  29 Executioners
  8 storm dragons
  7 draconian monks
  Agnes (D:15)
  9 tengu reavers
  A thorn hunter (Abyss:4)
  22 shadow dragons
  14 azure jellies
  14 warmongers (Pan)
  6 revenants
  8 frost giants
  A daeva (Pan)
  6 ghost moths
  Donald (Elf:1)
  19 fire giants
  14 vault wardens
  7 deep elf sorcerers
  A juggernaut zombie (Crypt:1)
  2 draconian knights
  Louise (D:15)
  14 iron dragons
  8 draconian shifters
  5 emperor scorpions
  6 curse skulls
  An angel (Pan)
  3 spriggan defenders
  38 balrugs
  40 cacodemons
  4 draconian scorchers
  2 orc warlords
  7 deep elf elementalists
  7 ironheart preservers
  5 blood saints (Pan)
  2 elemental wellsprings
  6 draconian annihilators
  5 draconian stormcallers
  25 very ugly things
  A ghoul (Crypt:3)
  A war gargoyle (Vaults:4)
  3 entropy weavers
  32 stone giants
  9 vampire knights
  98 reapers
  10 deep elf demonologists
  14 black suns (Pan)
  15 lorocyprocas
  12 corrupters (Pan)
  6 purple draconians
  5 bennus
  9 green draconians
  8 yellow draconians
  16 black draconians
  Azrael (D:14)
  10 deep elf annihilators
  10 spark wasps
  A spark wasp (shapeshifter) (Vaults:4)
  5 red draconians
  11 white draconians
  4 eidola
  Snorg (D:14)
  11 ettins
  19 mummy priests
  29 blizzard demons
  A crystal guardian (Abyss:3)
  2 merfolk javelineers (Shoals:4)
  9 death oozes
  A spectral kraken (Tar:7)
  24 green deaths
  26 jiangshi
  13 merfolk impalers
  5 great orbs of eyes
  5 kraken zombies
  Josephine (D:15)
  6 quicksilver dragon zombies
  12 deep elf death magi
  4 deep elf high priests
  10 fire dragons
  8 quicksilver dragon skeletons
  Harold (D:11)
  7 hydras
  10 monstrous demonspawn (Pan)
  31 vault guards
  6 spriggan air magi (Depths:3)
  12 yaktaur captains
  13 rakshasas
  4 ghost crabs
  A hell beast (Dis:7)
  2 shambling mangroves (Abyss:4)
  A catoblepas (Lair:6)
  7 death knights
  22 ice dragons
  Erica (D:8)
  2 alligator snapping turtles
  9 death yaks
  An alligator (Lair:6)
  3 merfolk avatars
  26 dancing weapons
  An anaconda (Depths:1)
  14 centaur warriors
  8 ogre magi
  5 merfolk aquamancers (Shoals:4)
  7 deep troll shamans
  2 satyrs
  37 two-headed ogres
  A queen ant (shapeshifter) (Vaults:5)
  18 titan zombies
  A shock serpent (shapeshifter) (Depths:3)
  43 death scarabs
  7 tengu warriors
  Urug (Lair:3)
  28 hell hogs
  6 deep troll earth magi
  6 spriggan berserkers
  9 thrashing horrors
  11 vampire magi
  Nergalle (D:11)
  48 soul eaters
  3 iron golems
  An orc high priest (Elf:3)
  2 wretched stars (Abyss:3)
  9 storm dragon zombies
  22 deep elf knights
  62 sun demons
  11 golden dragon zombies
  196 skeletal warriors
  15 iron trolls
  11 shadow wraiths
  2 death drakes
  34 sixfirhies
  6 sea snakes
  5 spatial maelstroms
  20 deep trolls
  A fire crab (Lair:6)
  43 hell knights
  8 titan skeletons
  9 anaconda zombies
  8 unseen horrors
  13 torturous demonspawn (Pan)
  16 flayed ghosts
  8 storm dragon skeletons
  43 shadow demons
  5 ghost moth zombies
  12 gelid demonspawn (Pan)
  6 deep elf archers
  11 infernal demonspawn (Pan)
  11 wizards
  6 glowing orange brains
  9 orc knights
  27 phantasmal warriors
  A glowing orange brain (shapeshifter) (Vaults:1)
  12 ironbrand convokers
  4 lindwurms (Lair:6)
  6 golden dragon skeletons
  57 deep elf magi
  7 shadow dragon zombies
  2 tengu zombies (Depths:4)
  An orange crystal statue (Crypt:2)
  16 necromancers
  5 wolf spider zombies
  38 ugly things
  8 anaconda skeletons
  20 orb spiders
  20 harpies
  A sphinx zombie (Depths:4)
  5 frost giant zombies
  Pikel (D:5)
  3 iron dragon zombies
  12 fire giant zombies
  16 fauns
  9 manticores
  8 orc sorcerers
  7 stone giant zombies
  4 shadow dragon skeletons
  6 shining eyes
  5 cyclopes
  An oklob plant (Lair:2)
  23 elephants
  Maurice (D:7)
  36 wolf spiders
  5 stone giant skeletons
  A black mamba (shapeshifter) (Vaults:3)
  5 worldbinders
  31 rust devils
  7 iron dragon skeletons
  A manticore (shapeshifter) (Depths:3)
  79 smoke demons
  Psyche (D:8)
  A moth of wrath (shapeshifter) (Depths:4)
  2 apocalypse crabs (Abyss:3)
  3 shock serpent zombies
  5 vault sentinels
  5 black mambas
  14 merfolk sirens
  9 frost giant skeletons
  17 moths of wrath
  7 fire giant skeletons
  11 water nymphs
  A guardian serpent (shapeshifter) (Abyss:3)
  A naga mage (D:15)
  The ghost of sergedm the Thaumaturge, a novice DECj of Vehumet (D:6)
  Joseph (D:8)
  4 torpor snails
  6 dire elephant zombies
  A titan simulacrum (Coc:7)
  An eye of devastation (shapeshifter) (Depths:5)
  9 ice statues
  3 shock serpent skeletons
  5 catoblepas zombies
  4 molten gargoyles
  5 eyes of devastation
  39 orange demons (Pan)
  4 emperor scorpion zombies
  9 spectral swamp worms (Tar:7)
  7 gargoyles
  6 spiny frogs
  53 hellions
  2 rime drakes (shapeshifter)
  3 dire elephant skeletons
  A yaktaur (shapeshifter) (Vaults:4)
  2 minotaur zombies
  4 komodo dragons
  27 yaktaurs
  13 efreet
  24 demonic crawlers
  A yellow draconian skeleton (Crypt:2)
  4 anaconda simulacra
  4 rime drakes
  43 freezing wraiths
  71 tormentors
  53 hellwings
  A spectral harpy (Crypt:3)
  A golden dragon simulacrum (IceCv)
  77 ice devils
  8 ancient zymes
  4 silent spectres
  15 hydra zombies
  A death drake zombie (Crypt:2)
  58 guardian mummies
  33 red devils
  A queen bee (shapeshifter) (Depths:5)
  A meliai (D:14)
  5 tengu conjurers
  8 trolls
  36 jumping spiders
  48 merfolk
  6 wind drakes
  9 harpy zombies
  A wolf spider simulacrum (Coc:3)
  8 hippogriffs
  46 large abominations
  9 polar bears (Lair:6)
  7 snapping turtles
  13 blink frogs
  6 hydra skeletons
  36 hornets
  4 harpy skeletons
  6 dream sheep
  A hippogriff (shapeshifter) (Vaults:5)
  84 slime creatures
  7 ettin zombies
  2 dream sheep (shapeshifter)
  A stone giant simulacrum (Vaults:3)
  6 alligator zombies
  6 ice dragon zombies
  11 raiju
  A frost giant simulacrum (Tomb:1)
  3 fire dragon zombies
  87 redbacks
  7 black mamba zombies
  A fire giant simulacrum (Tomb:2)
  2 dire elephant simulacra (IceCv)
  24 water elementals
  146 flying skulls
  37 shadows
  A spriggan (shapeshifter) (Vaults:1)
  An air elemental (Elf:2)
  4 alligator skeletons
  15 ettin skeletons
  3 spriggans (Depths:3)
  25 tarantellas
  7 ice dragon skeletons
  9 fire bats
  37 wraiths
  2 wyverns
  38 ynoxinuls
  11 fire dragon skeletons
  2 hogs (D:15)
  2 humans (shapeshifter)
  23 fire elementals
  9 hungry ghosts
  5 basilisks
  49 yaks
  21 ushabtiu
  Grum (Lair:1)
  A black mamba skeleton (Dis:7)
  47 chaos spawn
  28 neqoxecs (Pan)
  4 vampire mosquitoes
  2 harpy simulacra
  An emperor scorpion simulacrum (Coc:7)
  2 iron troll simulacra (IceCv)
  7 spatial vortices
  4 acid dragons
  9 wargs
  A swamp worm (shapeshifter) (Vaults:5)
  A floating eye (Slime:3)
  112 hell hounds
  A naga (Depths:1)
  2 soldier ants
  7 spiny frog zombies
  A torturous demonspawn skeleton (Pan)
  11 water moccasins
  4 porcupines (Lair:1)
  A spectral snapping turtle (Crypt:3)
  3 hydra simulacra
  59 orc warriors
  3 slaves (D:5)
  6 spiny frog skeletons
  3 swamp dragon zombies
  A hornet zombie (D:8)
  3 manticore zombies
  6 snapping turtle zombies
  An alligator simulacrum (Coc:5)
  8 eyes of draining
  12 black bears
  3 sky beasts
  13 boggarts (Vaults:2)
  7 ice beasts
  40 wolves
  43 necrophages
  16 phantoms
  A wolf (shapeshifter) (Depths:5)
  A hog zombie (Crypt:1)
  29 ogres
  A boggart (shapeshifter) (D:14)
  A centaur (shapeshifter) (Depths:3)
  36 centaurs
  7 snapping turtle skeletons
  2 swamp dragon skeletons
  A lindwurm skeleton (Crypt:1)
  2 manticore skeletons
  A komodo dragon zombie (Crypt:1)
  14 crocodiles
  5 big kobolds (D:11)
  18 bullfrogs
  An octopode zombie (Crypt:2)
  2 wyvern zombies
  6 elf zombies
  3 gnoll sergeants
  An elf skeleton (Tar:7)
  A spiny frog simulacrum (Hell)
  An earth elemental (Elf:2)
  17 small abominations
  3 scorpions
  A yak zombie (Crypt:1)
  A polar bear zombie (Crypt:1)
  A spectral ogre (Crypt:3)
  A spriggan zombie (Coc:5)
  A snapping turtle simulacrum (Tar:4)
  2 troll skeletons (Volcano)
  6 killer bees (D:13)
  110 wights
  A yak skeleton (Crypt:2)
  3 electric eels (Lair:4)
  8 howler monkeys
  19 crimson imps
  2 centaur zombies
  A human simulacrum (Vaults:2)
  6 human zombies
  4 quasits
  10 starcursed masses
  2 bullfrog zombies
  9 jellies
  30 orc priests
  10 centaur skeletons
  17 hounds
  36 iron imps
  A bullfrog skeleton (D:12)
  12 worker ants
  Ijyb (D:3)
  2 iguanas
  20 orc wizards
  2 big kobold zombies (Ossuary)
  An ogre zombie (Dis:7)
  A felid skeleton (Crypt:2)
  An ogre skeleton (Tomb:2)
  3 hound zombies
  3 naga skeletons
  A tengu skeleton (Coc:1)
  A hound skeleton (D:8)
  48 mummies
  A howler monkey zombie (D:6)
  A worker ant zombie (D:9)
  A steam dragon zombie (Crypt:2)
  15 adders
  12 gnolls
  A naga simulacrum (Crypt:3)
  39 shadow imps
  31 white imps
  An ufetubus (Abyss:3)
  2 oozes
  An adder skeleton (D:4)
  4 adder zombies
  7 worms
  4 ball lightnings (Pan)
  A dart slug (D:5)
  7 leopard geckos
  112 orcs
  3 ball pythons
  7 bats
  10 giant cockroaches
  9 goblins
  8 hobgoblins
  15 jackals
  6 kobolds
  3 quokkas
  4 frilled lizards
  A gnoll zombie (Ossuary)
  4 goblin zombies (Ossuary)
  4 hobgoblin zombies (Ossuary)
  6 kobold zombies (Ossuary)
  3 orc zombies
  8 quokka zombies
  11 rats
  A rat zombie (Ossuary)
  A river rat skeleton (Crypt:1)
  A briar patch (Abyss:4)
  A fungus (Lair:4)
  7 plants
  4 starspawn tentacles (Abyss:3)
  13 tentacles
5719 creatures vanquished.

Vanquished Creatures (collateral kills)
  A stone giant (Vaults:4)
1 creature vanquished.

Vanquished Creatures (others)
  An Executioner (Pan)
  4 eldritch tentacles
  A fire giant (Geh:7)
  An elemental wellspring (Coc:7)
  A bennu (Tomb:1)
  A deep elf annihilator (Pan)
  2 blizzard demons (Pan)
  2 centaur warriors
  An alligator snapping turtle (Shoals:4)
  A dancing weapon (Elf:2)
  A hell hog (Geh:1)
  A death scarab (Tomb:2)
  A deep elf knight (Elf:2)
  A skeletal warrior (Dis:7)
  2 wizards (Pan)
  A deep elf archer (Vaults:5)
  3 large abominations (Pan)
  5 smoke demons (Pan)
  5 yaktaurs
  4 hellwings (Pan)
  2 tormentors
  An ice devil (Coc:7)
  A jumping spider (Spider:4)
  A flying skull (Volcano)
  A wraith (Tar:1)
  A shadow (Tar:1)
  A human (D:15)
  A fire bat (Pan)
  A neqoxec (Pan)
  A spatial vortex (Abyss:4)
  An orc warrior (Depths:4)
  A slave (D:5)
  2 necrophages
  2 centaurs (Depths:2)
  A bullfrog (D:6)
  A small abomination (Abyss:3)
  A jelly (Lair:6)
  A hound skeleton (D:7)
  3 mummies (Tomb:3)
  40 ball lightnings (Pan)
  4 blocks of ice (Pan)
  A briar patch (Abyss:4)
  12 fungi
  A lurking horror (Abyss:3)
  23 plants
  12 starspawn tentacles (Abyss:3)
  26 tentacles
182 creatures vanquished.

Grand Total: 5902 creatures vanquished

Notes
Turn   | Place    | Note
-------+----------+-------------------------------------------
     0 | D:1      | Borgoz the Ghoul Gladiator began the quest for the Orb.
     0 | D:1      | Reached XP level 1. HP: 17/17 MP: 0/0
   152 | D:1      | Reached XP level 2. HP: 23/25 MP: 1/1
   260 | D:1      | You fall through a shaft!
   271 | D:2      | Reached XP level 3. HP: 14/30 MP: 2/2
   289 | D:2      | Reached skill level 1 in Armour
   836 | D:2      | Found a shimmering altar of Xom.
   923 | D:2      | Reached XP level 4. HP: 33/38 MP: 3/3
  1141 | D:2      | Found a stormy altar of Qazlal.
  1810 | D:3      | Reached XP level 5. HP: 40/45 MP: 4/4
  1850 | D:3      | Noticed Ijyb
  1872 | D:3      | Killed Ijyb
  1892 | D:3      | Found a faded altar of an unknown god.
  1908 | D:3      | Found a blossoming altar of Fedhas.
  2090 | D:3      | Reached XP level 6. HP: 47/52 MP: 5/5
  2218 | D:3      | Noticed an ice beast
  2225 | D:3      | Killed an ice beast
  2477 | D:3      | Found a shadowy altar of Dithmenos.
  2550 | D:4      | Found a staircase to the Ecumenical Temple.
  2580 | Temple   | Entered the Ecumenical Temple
  2638 | Temple   | Became a worshipper of Warmaster Okawaru
  2666 | D:4      | Found a burning altar of Makhleb.
  2784 | D:4      | Reached skill level 5 in Unarmed Combat
  2784 | D:4      | Reached XP level 7. HP: 60/60 MP: 6/6
  2996 | D:4      | Reached * piety under Okawaru
  3639 | D:5      | Entered Level 5 of the Dungeon
  3662 | D:5      | Reached skill level 5 in Fighting
  3728 | D:5      | Found a sacrificial altar of Ru.
  3814 | D:5      | Found a shattered altar of Ashenzari.
  3819 | D:5      | Noticed Pikel
  3927 | D:5      | Killed Pikel
  3927 | D:5      | Reached skill level 5 in Dodging
  3927 | D:5      | Reached XP level 8. HP: 56/69 MP: 3/7
  4164 | D:5      | Reached ** piety under Okawaru
  4813 | D:6      | Got a sapphire mace
  4845 | D:6      | Found a runed translucent door.
  4847 | D:6      | Noticed sergedm's ghost (novice DECj)
  4875 | D:6      | Reached XP level 9. HP: 71/78 MP: 8/8
  4892 | D:6      | Killed sergedm's ghost
  4892 | D:6      | Reached skill level 5 in Armour
  5202 | D:6      | Found Vaocuc's Armour Shop.
  5349 | D:7      | Found a hide-covered altar of Uskayaw.
  5352 | D:7      | Noticed a +0 hand axe
  5352 | D:7      | Noticed a +0 dagger
  5441 | D:7      | Reached *** piety under Okawaru
  5674 | D:7      | Found a radiant altar of Vehumet.
  5780 | D:7      | Found an opulent altar of Gozag.
  5837 | D:7      | Noticed a red ugly thing
  5851 | D:7      | Killed a red ugly thing
  5851 | D:7      | Reached **** piety under Okawaru
  5851 | D:7      | Reached XP level 10. HP: 30/88 MP: 6/9
  5873 | D:7      | Noticed a gargoyle
  6174 | D:7      | Killed a gargoyle
  6293 | D:7      | Found an ornate altar of the Wu Jian Council.
  6429 | D:8      | Found a sand-covered staircase.
  6438 | Ossuary  | Entered an ossuary
  6971 | D:8      | Noticed Maurice
  7189 | D:8      | Noticed a two-headed ogre
  7300 | D:8      | Noticed Erica
  7303 | D:8      | Killed a two-headed ogre
  7303 | D:8      | Received a gift from Okawaru
  7471 | D:8      | Identified the +1 mace of Virtue {freeze, rElec rF+ Dex+5}
                  | (You found it on level 6 of the Dungeon)
  7479 | D:8      | Killed Erica
  7511 | D:7      | Killed Maurice
  7649 | D:8      | Found a hazy altar of Hepliaklqana.
  7724 | D:8      | You fall through a shaft for 2 floors!
  7724 | D:10     | Entered Level 10 of the Dungeon
  7860 | D:10     | Reached XP level 11. HP: 79/97 MP: 7/10
  7919 | D:10     | Reached skill level 1 in Invocations
  7926 | D:10     | Reached ***** piety under Okawaru
  8146 | D:9      | Found a bloodstained altar of Trog.
  8224 | D:8      | Noticed Psyche
  8260 | D:8      | Killed Psyche
  8400 | D:8      | Noticed Joseph
  8421 | D:8      | Killed Joseph
  8421 | D:8      | Received a gift from Okawaru
  8619 | D:8      | Reached skill level 10 in Unarmed Combat
  8814 | D:8      | Found a deep blue altar of Sif Muna.
  9051 | D:9      | Found a staircase to the Lair.
  9143 | D:9      | Found a sparkling altar of Nemelex Xobeh.
  9345 | D:9      | Found a snail-covered altar of Cheibriados.
  9718 | Lair:1   | Entered Level 1 of the Lair of Beasts
  9719 | Lair:1   | Noticed Grum
  9736 | Lair:1   | Killed Grum
  9736 | Lair:1   | Reached skill level 10 in Fighting
 10432 | Lair:1   | Received a gift from Okawaru
 10808 | Lair:1   | Reached XP level 12. HP: 21/107 MP: 11/14
 11478 | Lair:2   | Learned a level 3 spell: Regeneration
 11525 | Lair:2   | Reached skill level 5 in Invocations
 11633 | Lair:2   | Noticed a four-headed hydra
 11642 | Lair:2   | Killed a four-headed hydra
 11645 | Lair:2   | Received a gift from Okawaru
 11659 | Lair:2   | Got a smoking battleaxe {god gift}
 12383 | Lair:3   | Noticed Urug
 12567 | Lair:3   | Killed Urug
 13819 | Lair:4   | Found a dark tunnel.
 13829 | Volcano  | Entered a volcano
 14321 | Volcano  | Reached XP level 13. HP: 51/115 MP: 10/17
 14622 | Volcano  | Reached skill level 10 in Dodging
 16287 | Lair:4   | Found a staircase to the Shoals.
 16493 | Lair:4   | Found a hole to the Spider Nest.
 17219 | Lair:5   | Reached skill level 10 in Armour
 17384 | Lair:5   | Received a gift from Okawaru
 17464 | Lair:5   | Lost intelligence.
 17464 | Lair:5   | Identified the +10 battleaxe of Death {chop, +Blink Int-3
                  | Dex+4} (Okawaru gifted it to you on level 2 of the Lair of
                  | Beasts)
 17807 | Lair:5   | Reached XP level 14. HP: 103/127 MP: 11/19
 18569 | Lair:6   | Entered Level 6 of the Lair of Beasts
 19706 | Lair:6   | Got a translucent quarterstaff
 19796 | Lair:6   | Found a staircase to the Slime Pits.
 20394 | Lair:6   | Reached skill level 10 in Invocations
 20442 | Lair:6   | Received a gift from Okawaru
 20453 | Lair:6   | Got a dazzling arbalest {god gift}
 20615 | Lair:6   | Reached XP level 15. HP: 88/136 MP: 14/21
 21142 | Lair:1   | Identified the +7 arbalest "Eschosh" {venom, rF+ Str+2}
                  | (Okawaru gifted it to you on level 6 of the Lair of Beasts)
 21143 | Lair:1   | Identified the +8 quarterstaff of Abomination {freeze,
                  | rPois rF+ Str-5 Int+7} (You found it on level 6 of the Lair
                  | of Beasts)
 21607 | D:11     | Noticed Harold
 21720 | D:11     | Found a staircase to the Orcish Mines.
 21776 | D:11     | Noticed Gastronok
 21780 | D:11     | Noticed Nergalle
 21790 | D:11     | Killed Gastronok
 21799 | D:11     | Killed Nergalle
 21839 | D:11     | Killed Harold
 22202 | D:11     | Found Wukeusou's Gadget Shoppe.
 23168 | D:12     | Received a gift from Okawaru
 23390 | D:13     | Found a blossoming altar of Fedhas.
 23923 | D:14     | Reached skill level 15 in Fighting
 24217 | D:14     | Noticed Snorg
 24231 | D:14     | Killed Snorg
 24383 | D:14     | Found a gate to the Vaults.
 24400 | D:14     | Reached skill level 1 in Crossbows
 24418 | D:14     | Reached XP level 16. HP: 126/148 MP: 17/23
 24468 | D:14     | Noticed Azrael
 24501 | D:14     | Killed Azrael
 24629 | D:14     | Received a gift from Okawaru
 24937 | D:14     | Identified the Handbook of Feathers and the Arsonist
 24944 | D:14     | Found a basalt altar of Yredelemnul.
 25034 | D:15     | Entered Level 15 of the Dungeon
 25071 | D:15     | Noticed Agnes
 25074 | D:15     | Noticed Josephine
 25082 | D:15     | Killed Agnes
 25087 | D:15     | Killed Josephine
 25270 | D:15     | Noticed Rupert
 25285 | D:15     | Killed Rupert
 25687 | D:15     | Noticed Kirke
 25697 | D:15     | Killed Kirke
 25697 | D:15     | Received a gift from Okawaru
 25992 | D:15     | Received a gift from Okawaru
 25992 | D:15     | Reached skill level 5 in Crossbows
 26314 | D:15     | Found a staircase to the Depths.
 26626 | D:15     | Noticed Louise
 26644 | D:15     | Killed Louise
 26937 | Orc:1    | Entered Level 1 of the Orcish Mines
 27877 | Orc:2    | Entered Level 2 of the Orcish Mines
 27920 | Orc:2    | Reached skill level 15 in Unarmed Combat
 27922 | Orc:2    | Reached XP level 17. HP: 154/159 MP: 23/25
 27984 | Orc:2    | Received a gift from Okawaru
 28389 | Orc:2    | Received a gift from Okawaru
 28680 | Orc:2    | Found a roughly hewn altar of Beogh.
 29014 | Orc:1    | Found a bloodstained altar of Trog.
 29253 | Orc:2    | Found a staircase to the Elven Halls.
 29413 | Orc:2    | Found Sieliuw's Assorted Antiques.
 29413 | Orc:2    | Found Vypasangesch's Magic Scroll Boutique.
 29415 | Orc:2    | Found Caifayr's Assorted Antiques.
 29417 | Orc:2    | Found Qiaxusaf's Antique Armour Shoppe.
 29429 | Orc:2    | Bought the +4 moon troll leather armour {Spirit, Regen++
                  | MP+5} for 1744 gold pieces
 29429 | Orc:2    | Found the +4 moon troll leather armour {Spirit, Regen++
                  | MP+5}
 29441 | Orc:2    | Bought a slimy dagger for 168 gold pieces
 29441 | Orc:2    | Bought 2 potions of curing for 144 gold pieces
 29441 | Orc:2    | Bought a potion of heal wounds for 120 gold pieces
 29444 | Orc:2    | Bought a potion of curing for 87 gold pieces
 29446 | Orc:2    | Bought a scroll of teleportation for 42 gold pieces
 29446 | Orc:2    | Bought a scroll of teleportation for 42 gold pieces
 29604 | Elf:1    | Entered Level 1 of the Elven Halls
 29652 | Elf:1    | Found Vulampeeqe's Food Emporium.
 29696 | Elf:1    | Received a gift from Okawaru
 29779 | Elf:1    | Noticed Nikola
 29792 | Elf:1    | Killed Nikola
 29897 | Elf:1    | Found a runed translucent door.
 29897 | Elf:1    | Found a shimmering altar of Xom.
 29897 | Elf:1    | Noticed Torikoriko's ghost (adept TrGl)
 29900 | Elf:1    | Noticed Frances
 29923 | Elf:1    | Killed Frances
 30128 | Elf:1    | Noticed Donald
 30149 | Elf:1    | Killed Donald
 30206 | Elf:1    | Identified the +6 dagger "Zoschi" {speed, MR+ Stlth+} (You
                  | bought it in a shop on level 2 of the Orcish Mines)
 30560 | Elf:2    | Reached skill level 1 in Shields
 31004 | Elf:2    | Received a gift from Okawaru
 31158 | Elf:2    | Found a runed translucent gate.
 31158 | Elf:2    | Found a runed translucent gate.
 31158 | Elf:2    | Found a runed translucent gate.
 31397 | Elf:2    | Received a gift from Okawaru
 31661 | Elf:2    | Noticed a deep elf blademaster
 31682 | Elf:2    | Killed a deep elf blademaster
 31844 | Elf:2    | Reached XP level 18. HP: 138/170 MP: 20/26
 31998 | Elf:3    | Entered Level 3 of the Elven Halls
 32432 | Elf:3    | Noticed a deep elf master archer
 32438 | Elf:3    | Noticed a deep elf blademaster
 32444 | Elf:3    | Killed a deep elf master archer
 32446 | Elf:3    | Noticed an Ice Fiend
 32446 | Elf:3    | Killed a ghostly deep elf master archer
 32451 | Elf:3    | Noticed a Hell Sentinel
 32580 | Elf:3    | Identified the cursed ring of Uskayaw's Benevolence {rElec
                  | rN+ AC-3 Int+6}
 32590 | Elf:3    | Cast into level 3 of the Abyss (a deep elf demonologist)
 32658 | Abyss:3  | Noticed a bone dragon
 32681 | Abyss:3  | Killed a bone dragon
 32925 | Abyss:3  | Received a gift from Okawaru
 32938 | Abyss:3  | Got a crystal short sword {god gift}
 32940 | Elf:3    | Escaped the Abyss
 32946 | Elf:3    | Noticed a Brimstone Fiend
 33098 | Elf:3    | Identified the amulet of Lifaokk {Harm *Drain +Inv Int+5}
 33100 | Elf:3    | Identified the +3 long sword of Aduisar {speed, Str+4
                  | Int+5}
 33100 | Elf:3    | Identified the ring "Oneafeha" {*Drain rElec Int+2 SInv}
 33106 | Elf:3    | Identified the cursed +0 shortbow "Demon's Funeral" {flame,
                  | Dex+3}
 33109 | Elf:3    | Identified the cursed +1 acid dragon scales of a bazaar
                  | {rPois rCorr}
 33213 | Elf:3    | Reached skill level 5 in Shields
 33269 | Elf:3    | Identified the +2 chain mail "Gualiur" {rCorr Dex+5}
 33283 | Elf:3    | Noticed a deep elf master archer
 33284 | Elf:3    | Killed a deep elf blademaster
 33307 | Elf:3    | Noticed a deep elf blademaster
 33471 | Elf:3    | Killed a deep elf blademaster
 33515 | Elf:3    | Identified the amulet "Jisif" {Gourm rF+ MR+}
 33740 | Elf:3    | Noticed a Tzitzimitl
 33745 | Elf:3    | Noticed a Brimstone Fiend
 33987 | Elf:2    | Killed a ghostly deep elf blademaster
 33987 | Elf:2    | Reached skill level 1 in Necromancy
 34076 | Elf:3    | Reached skill level 1 in Spellcasting
 34076 | Elf:3    | Reached skill level 1 in Charms
 34119 | Elf:3    | Identified the +8 halberd "Grom" {flame, rC+}
 34119 | Elf:3    | Identified the cursed ring "Jowor" {MR+ EV-2}
 34272 | Elf:3    | Identified the +8 short sword "Fut Zui" {pierce, *Noise
                  | +Rage rF++ MP+9} (Okawaru gifted it to you on level 3 of
                  | the Abyss)
 34311 | Elf:3    | Reached XP level 19. HP: 179/179 MP: 27/27
 34392 | Elf:3    | Received a gift from Okawaru
 34421 | Elf:3    | Identified the Papyrus of the Helpful Glacier
 34449 | Elf:3    | Identified the Almanac of Self-Knowledge and Translocation
 34903 | Shoals:1 | Entered Level 1 of the Shoals
 35478 | Shoals:1 | Received a gift from Okawaru
 35612 | Shoals:2 | Found Doxtem's Food Emporium.
 35666 | Shoals:2 | Found Weda's Magic Scroll Emporium.
 36004 | Shoals:2 | Bought a scroll of teleportation for 48 gold pieces
 36004 | Shoals:2 | Bought a scroll of blinking for 120 gold pieces
 36178 | Shoals:3 | Found a large runed translucent door.
 36178 | Shoals:3 | Found a large runed translucent door.
 36179 | Shoals:3 | Noticed Meod's ghost (adept MiBe)
 36235 | Shoals:3 | Killed Meod's ghost
 36235 | Shoals:3 | Received a gift from Okawaru
 36248 | Shoals:3 | Got a transparent falchion
 36767 | Shoals:2 | Found Cadwibisie's Antique Weapon Shop.
 36776 | Shoals:2 | Found Daytrif's Armour Boutique.
 36786 | Shoals:2 | Bought a +2 pair of boots of flying for 365 gold pieces
 36787 | Shoals:2 | Identified the +2 falchion "Tormentor" {freeze, +Rage
                  | Str+2} (You found it on level 3 of the Shoals)
 36806 | Shoals:2 | Found Nohaanut's Antique Weapon Emporium.
 36895 | Shoals:2 | Identified a scroll of acquirement
 37221 | Shoals:4 | Entered Level 4 of the Shoals
 37221 | Shoals:4 | Found a flickering gateway to a bazaar.
 37221 | Shoals:4 | Found Maucef's Jewellery Shoppe.
 37227 | Bazaar   | Entered a bazaar
 37234 | Bazaar   | Found Fascheask's Assorted Antiques.
 37241 | Bazaar   | Found Naghokho's Magic Scroll Emporium.
 37250 | Bazaar   | Found Kewyleimn's General Store.
 37260 | Bazaar   | Found Mecu's Antique Weapon Boutique.
 37278 | Bazaar   | Bought 2 potions of heal wounds for 150 gold pieces
 37288 | Bazaar   | Bought a scroll of teleportation for 54 gold pieces
 37288 | Bazaar   | Bought a scroll of teleportation for 54 gold pieces
 37294 | Bazaar   | Bought 2 potions of heal wounds for 240 gold pieces
 37609 | Shoals:4 | Received a gift from Okawaru
 37796 | Lair:1   | Got a heavily runed copper ring
 37798 | Lair:1   | Identified the ring "Papneg" {*Drain rElec rC+ MP+9} (You
                  | acquired it on level 1 of the Lair of Beasts)
 39128 | Shoals:4 | Reached skill level 15 in Dodging
 39322 | Shoals:4 | Reached XP level 20. HP: 150/189 MP: 28/28
 39488 | Shoals:4 | Found Tulof's Armour Shop.
 39573 | Shoals:4 | Received a gift from Okawaru
 39706 | Shoals:4 | Reached skill level 5 in Necromancy
 40050 | Shoals:4 | Got a barnacled rune of Zot
 40410 | Spider:1 | Entered Level 1 of the Spider Nest
 40721 | Spider:1 | Received a gift from Okawaru
 41882 | Spider:2 | Reached skill level 5 in Charms
 41889 | Spider:2 | Received a gift from Okawaru
 42476 | Spider:2 | Reached skill level 1 in Stealth
 44408 | Spider:4 | Entered Level 4 of the Spider Nest
 44479 | Spider:4 | Found a frozen archway.
 44489 | IceCv    | Entered an ice cave
 44525 | IceCv    | Reached ****** piety under Okawaru
 44911 | IceCv    | Reached skill level 5 in Spellcasting
 44940 | IceCv    | Found the +6 arbalest "Damnation" {damnation}
 44959 | IceCv    | Got a faintly humming robe
 44967 | IceCv    | Identified the +2 robe of Sefeec {Str+4 Int+2} (You found
                  | it in an ice cave)
 45172 | Spider:4 | Received a gift from Okawaru
 45647 | Spider:4 | Reached XP level 21. HP: 195/195 MP: 29/29
 46555 | Spider:4 | Received a gift from Okawaru
 46563 | Spider:4 | Got a distressingly furry buckler {god gift}
 46564 | Spider:4 | Identified the +1 buckler of Ysew {rPois MP+9 Str+6}
                  | (Okawaru gifted it to you on level 4 of the Spider Nest)
 47304 | Spider:4 | Got a gossamer rune of Zot
 47649 | Vaults:1 | Entered Level 1 of the Vaults
 47999 | Vaults:1 | Found Hedumoh's Assorted Antiques.
 48116 | Vaults:1 | Reached skill level 15 in Armour
 49788 | Vaults:2 | Received a gift from Okawaru
 50206 | Vaults:2 | Got an ancient scale mail
 50208 | Vaults:2 | Identified the cursed +0 scale mail of the Republic {rCorr
                  | Int+3} (You found it on level 2 of the Vaults)
 50341 | Vaults:2 | Found Bashrept's Jewellery Boutique.
 50349 | Vaults:2 | Bought the ring of Ziqad {+Inv rF+ rC+} for 782 gold pieces
 50486 | Vaults:2 | Found a staircase to the Crypt.
 50745 | Vaults:2 | Reached XP level 22. HP: 178/206 MP: 30/30
 50878 | Vaults:3 | Received a gift from Okawaru
 51005 | Vaults:3 | Found a shadowy altar of Dithmenos.
 51112 | Vaults:3 | Got a polished helmet
 51113 | Vaults:3 | Identified the +2 helmet of the Buccaneer {Str+2} (You
                  | found it on level 3 of the Vaults)
 51514 | Vaults:3 | Received a gift from Okawaru
 52080 | Vaults:3 | Received a gift from Okawaru
 52269 | Vaults:4 | Noticed Mara
 52292 | Vaults:4 | Received a gift from Okawaru
 52307 | Vaults:4 | Noticed Borgoz's illusion
 52921 | Vaults:4 | Found a portal to a secret trove of treasure.
 53699 | Shoals:2 | Bought a scroll of identify for 32 gold pieces
 53699 | Shoals:2 | Bought a scroll of identify for 32 gold pieces
 53699 | Shoals:2 | Bought a scroll of identify for 32 gold pieces
 53925 | Orc:2    | Bought a scroll of identify for 28 gold pieces
 53925 | Orc:2    | Bought a scroll of identify for 28 gold pieces
 53933 | Orc:2    | Bought a scroll of identify for 58 gold pieces
 54530 | Vaults:4 | Noticed Jory
 54586 | Vaults:4 | Received a gift from Okawaru
 54644 | Vaults:4 | Killed Jory
 54717 | Vaults:4 | Noticed Borgoz's illusion
 54730 | Vaults:4 | Killed Mara
 55019 | Depths:1 | Entered Level 1 of the Depths
 55270 | Depths:1 | Found a gateway to Hell.
 55382 | Depths:1 | Reached XP level 23. HP: 159/215 MP: 26/33
 55561 | Depths:1 | Found a one-way gate to the infinite horrors of the Abyss.
 55569 | Depths:1 | Found Oqaennis's Serpentskin Sales.
 55625 | Depths:1 | Found a gateway to a ziggurat.
 55898 | Depths:1 | Reached skill level 10 in Shields
 56205 | Depths:2 | You are sucked into a shaft!
 56480 | Depths:2 | Found a runed translucent door.
 56608 | Depths:2 | Found a runed translucent door.
 56608 | Depths:2 | Found a runed translucent door.
 56608 | Depths:2 | Noticed a golden dragon
 57098 | Depths:3 | Noticed Asterion
 57182 | Depths:2 | Killed Asterion
 57430 | Depths:3 | Found a one-way gate leading to the halls of Pandemonium.
 57678 | Depths:3 | Received a gift from Okawaru
 57960 | Depths:3 | Got a translucent scimitar
 57978 | Depths:3 | Identified the +3 faerie dragon scales {rC- rN+ rCorr
                  | Str+3}
 57978 | Depths:3 | Noticed the Enchantress
 58149 | Depths:2 | Killed a golden dragon
 58167 | Depths:2 | Identified the +6 ring mail of Yriloe {rPois Regen+ Slay+3}
 58181 | Depths:2 | Reached skill level 10 in Necromancy
 58328 | Depths:2 | Received a gift from Okawaru
 58433 | Depths:2 | Reached XP level 24. HP: 188/224 MP: 26/34
 58450 | Depths:2 | Identified the Catalogue of the Farrier
 58499 | Depths:2 | Identified the +10 scimitar "Enof" {speed, rPois rN+ Dex+6}
                  | (You found it on level 3 of the Depths)
 58586 | Depths:2 | Killed the Enchantress
 58597 | Depths:3 | Noticed Xtahua
 58623 | Depths:2 | Received a gift from Okawaru
 58626 | Depths:2 | Got a shimmering hat {god gift}
 58755 | Depths:3 | Identified the +2 hat of Otelul {rPois rC+ Slay+2} (Okawaru
                  | gifted it to you on level 2 of the Depths)
 58808 | Depths:3 | Noticed a juggernaut
 58968 | Depths:3 | Got an ancient battleaxe
 58993 | Depths:3 | Identified the +10 battleaxe of Jyiso {speed, rN+} (You
                  | found it on level 3 of the Depths)
 59037 | Depths:3 | Identified Jiavist's Collected Works on Dusty Conjuration
 59069 | Depths:3 | Killed a juggernaut
 59346 | Depths:3 | Killed Xtahua
 59910 | Depths:4 | Noticed a greater mummy
 59920 | Depths:4 | Killed a greater mummy
 60318 | Depths:4 | Noticed Saint Roka
 60761 | Depths:4 | Killed Saint Roka
 60883 | Depths:5 | Entered Level 5 of the Depths
 60886 | Depths:5 | Noticed a juggernaut
 60899 | Depths:5 | Killed a juggernaut
 60916 | Depths:4 | Received a gift from Okawaru
 60995 | Depths:5 | Received a gift from Okawaru
 61703 | Orc:2    | Bought a scroll of identify for 48 gold pieces
 61945 | Vaults:5 | Entered Level 5 of the Vaults
 61988 | Vaults:4 | Reached skill level 10 in Charms
 62050 | Vaults:4 | Received a gift from Okawaru
 62158 | Vaults:4 | Reached XP level 25. HP: 113/233 MP: 13/35
 62569 | Vaults:5 | Noticed an ancient lich
 62581 | Vaults:5 | Killed an ancient lich
 62607 | Vaults:5 | Got a silver rune of Zot
 62688 | Vaults:5 | Received a gift from Okawaru
 62841 | Vaults:5 | Received a gift from Okawaru
 62872 | Vaults:5 | Identified the +8 battleaxe of Lyec {pain, Str+4 Dex+3}
 62872 | Vaults:5 | Identified the +1 robe of Qihaxyg {Str+3}
 62915 | Vaults:5 | Received a gift from Okawaru
 63130 | Vaults:5 | Got an ancient marble ring
 63241 | Vaults:5 | Reached skill level 10 in Spellcasting
 63487 | Vaults:5 | Identified Sif Muna's Tome of Ashen Toxins
 63649 | Vaults:5 | Reached XP level 26. HP: 217/244 MP: 36/36
 63880 | Vaults:5 | Identified the cursed +0 falchion of Armageddon {vamp,
                  | rPois Str+4 Int+6}
 64526 | Lair:1   | Identified a +0 pair of boots of running (You found it on
                  | level 5 of the Vaults)
 64541 | Lair:1   | Identified the ring "Zoekkal" {Str+5 Int+5 Dex+2} (You
                  | found it on level 5 of the Vaults)
 64759 | Elf:1    | Killed Torikoriko's ghost
 65048 | Slime:1  | Entered Level 1 of the Pits of Slime
 65247 | Slime:1  | You fall through a shaft!
 66332 | Slime:3  | Paralysed by a floating eye for 3 turns
 67130 | Slime:3  | Paralysed by a floating eye for 4 turns
 67282 | Slime:3  | Received a gift from Okawaru
 67781 | Slime:3  | Received a gift from Okawaru
 67820 | Slime:5  | Entered Level 5 of the Pits of Slime
 67889 | Slime:5  | Found a viscous altar of Jiyva.
 67889 | Slime:5  | Noticed the Royal Jelly
 67913 | Slime:5  | Killed the Royal Jelly
 67913 | Slime:5  | Received a gift from Okawaru
 68028 | Slime:5  | Got a slimy rune of Zot
 68125 | Slime:5  | Got a crude marble ring
 68133 | Slime:5  | Got a flickering bronze ring
 68146 | Slime:5  | Identified the ring "Xeate" {rCorr rElec rN+++ Slay-2
                  | Stlth-} (You found it on level 5 of the Pits of Slime)
 68148 | Slime:5  | Identified the ring "Ifrais" {+Blink rF+++ MR+ Int-2
                  | Stlth+} (You found it on level 5 of the Pits of Slime)
 68163 | Slime:5  | Got a brightly glowing war axe
 68164 | Slime:5  | Identified the +6 war axe of Gaerchoxe {venom, rElec rC-
                  | Str+5 Int+2} (You found it on level 5 of the Pits of Slime)
 69737 | Crypt:1  | Entered Level 1 of the Crypt
 69904 | Crypt:1  | Found a basalt altar of Yredelemnul.
 70075 | Crypt:1  | Received a gift from Okawaru
 70155 | Crypt:1  | Reached XP level 27. HP: 217/228 MP: 37/37
 70610 | Crypt:1  | Got a pair of warped boots
 70621 | Crypt:1  | Identified the +1 pair of boots "Vovetrud" {rElec Int+4
                  | Dex+3} (You found it on level 1 of the Crypt)
 70891 | Crypt:2  | Received a gift from Okawaru
 71166 | Crypt:2  | Noticed Margery
 71192 | Crypt:2  | Killed Margery
 71377 | Crypt:2  | Noticed Mennas
 71426 | Crypt:2  | Killed Mennas
 71616 | Crypt:3  | Entered Level 3 of the Crypt
 71853 | Crypt:3  | Found an ancient bone altar of Kikubaaqudgha.
 72035 | Crypt:3  | Got a steaming pewter ring
 72035 | Crypt:3  | Got a coiled bone ring
 72170 | Crypt:3  | Noticed Boris
 72205 | Crypt:3  | Killed Boris
 72414 | Crypt:3  | Identified the Handbook of Darkness
 72489 | Crypt:3  | Received a gift from Okawaru
 72542 | Crypt:3  | Got a wavering lapis lazuli ring
 72588 | Crypt:3  | Found a staircase to the Tomb.
 73202 | Vaults:4 | You paid a toll of 20 scrolls of identify to enter a
                  | treasure trove
 73203 | Trove    | Entered a treasure trove
 73209 | Trove    | Found the +2 cloak of the Thief {+Fog Slay-2 SInv Stlth+}
 73215 | Trove    | Got a smoking pewter amulet
 73217 | Trove    | Got a slimy emerald amulet
 73230 | Trove    | Identified the amulet "Yzegh" {Faith MR+ Int-4 Dex+4} (You
                  | found it in a treasure trove)
 73231 | Trove    | Identified the amulet of Yren {Faith Int+4 Slay+2} (You
                  | found it in a treasure trove)
 73233 | Trove    | Identified the ring of the Unkillable {*Contam rPois Str+4
                  | Int+8} (You found it on level 3 of the Crypt)
 73234 | Trove    | Identified the ring of the Republic {rF+ rN+} (You found it
                  | on level 3 of the Crypt)
 73235 | Trove    | Identified the ring "Myife" {+Fly rN+ Slay+4 Stlth-} (You
                  | found it on level 3 of the Crypt)
 73287 | Trove    | Got an iridescent hand crossbow
 73288 | Trove    | Identified the +1 hand crossbow "Veomi" {freeze, *Corrode
                  | rF+ rC+ Dex+5} (You found it in a treasure trove)
 73944 | Tomb:1   | Entered Level 1 of the Tomb of the Ancients
 74067 | Tomb:1   | Received a gift from Okawaru
 74451 | Tomb:1   | Noticed an ancient lich
 74481 | Tomb:1   | Killed an ancient lich
 74817 | Tomb:2   | Noticed a greater mummy
 74817 | Tomb:2   | Noticed a greater mummy
 74828 | Tomb:2   | Noticed a greater mummy
 74830 | Tomb:2   | Noticed a greater mummy
 74843 | Tomb:2   | Killed a greater mummy
 74851 | Tomb:2   | Killed a greater mummy
 75056 | Tomb:2   | Killed a greater mummy
 75330 | Tomb:2   | Killed a greater mummy
 75998 | Tomb:1   | Noticed a greater mummy
 76019 | Tomb:1   | Received a gift from Okawaru
 76039 | Tomb:1   | Killed a greater mummy
 76109 | Tomb:1   | Noticed a greater mummy
 76850 | Tomb:1   | Noticed a greater mummy
 76854 | Tomb:1   | Noticed a greater mummy
 76864 | Tomb:1   | Killed a greater mummy
 76871 | Tomb:1   | Killed a greater mummy
 76881 | Tomb:1   | Killed a greater mummy
 76889 | Tomb:1   | Noticed a greater mummy
 76898 | Tomb:1   | Killed a greater mummy
 76920 | Tomb:1   | Noticed a greater mummy
 76933 | Tomb:1   | Killed a greater mummy
 76939 | Tomb:1   | Noticed a greater mummy
 76960 | Tomb:1   | Killed a greater mummy
 77001 | Tomb:1   | Noticed a greater mummy
 77005 | Tomb:1   | Noticed a greater mummy
 77005 | Tomb:1   | Noticed a greater mummy
 77031 | Tomb:1   | Killed a greater mummy
 77031 | Tomb:1   | Received a gift from Okawaru
 77045 | Tomb:1   | Killed a greater mummy
 77057 | Tomb:1   | Killed a greater mummy
 77193 | Tomb:3   | Entered Level 3 of the Tomb of the Ancients
 77232 | Tomb:3   | Noticed a greater mummy
 77236 | Tomb:3   | Noticed a greater mummy
 77441 | Tomb:3   | Noticed a greater mummy
 77444 | Tomb:3   | Noticed a greater mummy
 77453 | Tomb:3   | Noticed a greater mummy
 77454 | Tomb:3   | Noticed a greater mummy
 77463 | Tomb:3   | Killed a greater mummy
 77466 | Tomb:3   | Noticed a greater mummy
 77467 | Tomb:3   | Noticed a greater mummy
 77467 | Tomb:3   | Noticed a greater mummy
 77481 | Tomb:3   | Killed a greater mummy
 77494 | Tomb:3   | Killed a greater mummy
 77494 | Tomb:3   | Received a gift from Okawaru
 77500 | Tomb:3   | HP: 1/255 [ushabti/dispel undead (30)]
 77759 | Tomb:3   | Killed a greater mummy
 77950 | Tomb:3   | Killed a greater mummy
 77961 | Tomb:3   | Killed a greater mummy
 77971 | Tomb:3   | Killed a greater mummy
 78003 | Tomb:2   | Killed a greater mummy
 78183 | Tomb:3   | Killed a greater mummy
 78643 | Tomb:3   | Identified the Disquisition on Poison and Confrontation
 78725 | Tomb:3   | Got a golden rune of Zot
 78840 | Tomb:3   | Got a sapphire battleaxe
 78888 | Tomb:3   | Got a scorched platinum ring
 78889 | Tomb:3   | Identified the ring "Farecofe" {*Tele rN+ Int-3 Slay+2}
                  | (You found it on level 3 of the Tomb of the Ancients)
 78890 | Tomb:3   | Identified the +9 battleaxe "Dabbiaguo" {chop, Fragile
                  | Str+2 SInv} (You found it on level 3 of the Tomb of the
                  | Ancients)
 78908 | Tomb:3   | Got a heavily runed leather armour
 78919 | Tomb:3   | Identified the +2 leather armour "Yjur" {Int+7} (You found
                  | it on level 3 of the Tomb of the Ancients)
 80227 | Depths:5 | Received a gift from Okawaru
 80417 | Depths:5 | Found a gate to the Realm of Zot.
 80782 | Depths:5 | Reached skill level 15 in Necromancy
 80915 | Depths:5 | Voluntarily entered the Abyss.
 81115 | Abyss:3  | Found a corrupted altar of Lugonu.
 81226 | Abyss:3  | Found a shimmering altar of Xom.
 81227 | Abyss:3  | Found a shimmering altar of Xom.
 81227 | Abyss:3  | Found a shimmering altar of Xom.
 81227 | Abyss:3  | Found a shimmering altar of Xom.
 81228 | Abyss:3  | Found a shimmering altar of Xom.
 81251 | Abyss:3  | Found a shimmering altar of Xom.
 81273 | Abyss:3  | Found a corrupted altar of Lugonu.
 81273 | Abyss:3  | Found a shimmering altar of Xom.
 81284 | Abyss:3  | Found a shimmering altar of Xom.
 81284 | Abyss:3  | Found a shimmering altar of Xom.
 81284 | Abyss:3  | Found a shimmering altar of Xom.
 81285 | Abyss:3  | Found a shimmering altar of Xom.
 81285 | Abyss:3  | Found a shimmering altar of Xom.
 81286 | Abyss:3  | Found a shimmering altar of Xom.
 81286 | Abyss:3  | Found a shimmering altar of Xom.
 81286 | Abyss:3  | Found a shimmering altar of Xom.
 81290 | Abyss:3  | Found a shimmering altar of Xom.
 81291 | Abyss:3  | Found a shimmering altar of Xom.
 81477 | Abyss:3  | Received a gift from Okawaru
 81710 | Abyss:4  | Found a hazy altar of Hepliaklqana.
 81760 | Abyss:4  | Received a gift from Okawaru
 81815 | Abyss:4  | Got an abyssal rune of Zot
 81934 | Depths:5 | Escaped the Abyss
 82478 | Hell     | Entered the Vestibule of Hell
 82478 | Hell     | Noticed Geryon
 82506 | Hell     | Killed Geryon
 82621 | Hell     | Reached skill level 15 in Shields
 82621 | Hell     | Noticed Murray
 82646 | Hell     | Received a gift from Okawaru
 82809 | Hell     | Killed Murray
 82997 | Hell     | Found a gateway to the decaying netherworld of Tartarus.
 83074 | Hell     | Found a gateway to the ashen valley of Gehenna.
 83135 | Hell     | Found a gateway to the Iron City of Dis.
 83299 | Hell     | Found a gateway to the freezing wastes of Cocytus.
 83422 | Tar:1    | Entered Level 1 of Tartarus
 83481 | Tar:1    | Reached skill level 1 in Evocations
 84383 | Tar:1    | Received a gift from Okawaru
 84801 | Tar:1    | Received a gift from Okawaru
 85157 | Tar:2    | Received a gift from Okawaru
 85463 | Tar:2    | Received a gift from Okawaru
 85859 | Tar:2    | Received a gift from Okawaru
 85933 | Hell     | Reached skill level 5 in Evocations
 86037 | Tar:3    | Received a gift from Okawaru
 86295 | Tar:3    | Received a gift from Okawaru
 88063 | Tar:4    | Received a gift from Okawaru
 88206 | Tar:4    | Received a gift from Okawaru
 89729 | Tar:5    | Received a gift from Okawaru
 90281 | Tar:5    | Received a gift from Okawaru
 90768 | Tar:7    | Entered Level 7 of Tartarus
 90876 | Tar:7    | Reached skill level 10 in Evocations
 90899 | Tar:7    | Received a gift from Okawaru
 90907 | Tar:7    | Got an ichor-stained shield {god gift}
 91259 | Tar:7    | Got a shimmering tin ring
 91262 | Tar:7    | Got a shimmering steel amulet
 91291 | Tar:7    | Identified the +1 shield "Kefyot" {+Blink} (Okawaru gifted
                  | it to you on level 7 of Tartarus)
 92147 | Tar:7    | Received a gift from Okawaru
 92175 | Tar:7    | Got an aquamarine-encrusted plate armour {god gift}
 92271 | Tar:7    | Noticed Ereshkigal
 92323 | Tar:7    | Killed Ereshkigal
 92349 | Tar:7    | Got a translucent marble ring
 92350 | Tar:7    | Identified Icavoal's Tome of Helpful Clay
 92366 | Tar:7    | Found the +3 Elemental Staff {rElec rF++ rC++ MR++ AC+5}
 92367 | Tar:7    | Identified the Disquisition on Ashen Summoning
 92377 | Tar:7    | Got a bone rune of Zot
 93208 | Tar:7    | HP: 9/266 [Tzitzimitl/dispel undead[the effects of Hell]
                  | (51)]
 93684 | Lair:1   | Identified the +1 plate armour of a wizard's laboratory
                  | {Regen+} (Okawaru gifted it to you on level 7 of Tartarus)
 93696 | Lair:1   | Identified the ring "Hinad" {+Fly rPois MR- Int+10 Dex-2}
                  | (You found it on level 7 of Tartarus)
 93698 | Lair:1   | Identified the amulet of Borrunaq {Harm *Drain Str+3} (You
                  | found it on level 7 of Tartarus)
 93700 | Lair:1   | Identified the ring of Muduc {rElec Str+4 Int+6 Slay+3}
                  | (You found it on level 7 of Tartarus)
 94021 | Geh:1    | Entered Level 1 of Gehenna
 94706 | Geh:1    | Found the +7 great mace "Firestarter" {inner flame, rF++}
 94800 | Geh:1    | Learned a level 8 spell: Controlled Blink
 94969 | Geh:2    | Received a gift from Okawaru
 94970 | Geh:2    | Reached skill level 1 in Translocations
 95202 | Geh:2    | Received a gift from Okawaru
 95570 | Geh:3    | Received a gift from Okawaru
 95681 | Geh:3    | Got a pair of encrusted gloves {god gift}
 96256 | Geh:7    | Entered Level 7 of Gehenna
 96314 | Geh:7    | Got a warped scimitar
 96318 | Geh:7    | Got a brightly glowing plate armour
 96753 | Geh:7    | Identified the +7 sceptre of Asmodeus
 96753 | Geh:7    | Noticed Asmodeus
 96785 | Geh:7    | Killed Asmodeus
 96785 | Geh:7    | Received a gift from Okawaru
 96863 | Geh:7    | Reached skill level 5 in Translocations
 97014 | Geh:7    | Got an obsidian rune of Zot
 97114 | Geh:7    | Identified the +2 scimitar of Ruocoocs {vamp, Str+8} (You
                  | found it on level 7 of Gehenna)
 97183 | Geh:7    | Identified the +2 robe "Vajagil" {Slay+5}
 97305 | Geh:7    | Identified the +2 plate armour "Cutty" {rN+ MP+9 SInv} (You
                  | found it on level 7 of Gehenna)
 97308 | Geh:7    | Got an ebony dagger
 97311 | Geh:7    | Identified the +4 dagger of the Big Bang {pierce, +Rage rF-
                  | Dex+3} (You found it on level 7 of Gehenna)
 97812 | Lair:1   | Identified the +2 pair of gloves of Precision Catastrophes
                  | {rF+ rC+ rN+} (Okawaru gifted it to you on level 3 of
                  | Gehenna)
 98095 | Coc:1    | Entered Level 1 of Cocytus
 98347 | Coc:3    | Received a gift from Okawaru
 99024 | Coc:7    | Entered Level 7 of Cocytus
 99106 | Coc:7    | Received a gift from Okawaru
 99200 | Coc:7    | Received a gift from Okawaru
 99279 | Coc:7    | Reached skill level 15 in Invocations
 99322 | Coc:7    | Identified Teli Edacra's Incunabulum of Poisoning
 99358 | Coc:7    | Noticed the Serpent of Hell
 99373 | Coc:7    | Killed the Serpent of Hell
 99946 | Coc:7    | Noticed Antaeus
100204 | Coc:7    | Identified the Almanac of Lightness
100207 | Coc:7    | Got a crude bone ring
100302 | Coc:7    | Received a gift from Okawaru
100649 | Coc:7    | Killed Antaeus
100851 | Coc:7    | Got an icy rune of Zot
101432 | Lair:1   | Identified the ring "Buorch" {rF+ MR+ AC+2 SInv} (You found
                  | it on level 7 of Cocytus)
101573 | Orc:2    | Bought 3 scrolls of teleportation for 126 gold pieces
101573 | Orc:2    | Bought a scroll of enchant armour for 105 gold pieces
101740 | Vaults:1 | Bought a scroll of magic mapping for 133 gold pieces
101740 | Vaults:1 | Bought a potion of curing for 114 gold pieces
101740 | Vaults:1 | Bought a potion of haste for 380 gold pieces
101740 | Vaults:1 | Bought a potion of haste for 380 gold pieces
102454 | Shoals:2 | Bought a scroll of fear for 56 gold pieces
102454 | Shoals:2 | Bought a scroll of torment for 120 gold pieces
102553 | Shoals:2 | Bought a ration for 55 gold pieces
102553 | Shoals:2 | Bought a ration for 55 gold pieces
102553 | Shoals:2 | Bought a ration for 55 gold pieces
102553 | Shoals:2 | Bought a ration for 55 gold pieces
102610 | Shoals:4 | Bought the amulet "Gedofiad" {Acrobat rF+ Int+8} for 1033
                  | gold pieces
103028 | Dis:1    | Entered Level 1 of the Iron City of Dis
103401 | Dis:3    | Received a gift from Okawaru
104520 | Dis:7    | Entered Level 7 of the Iron City of Dis
104535 | Dis:7    | Received a gift from Okawaru
104775 | Dis:7    | Identified the cursed +1 hand crossbow "Dioqijash" {freeze,
                  | Dex+4 Stlth+}
104789 | Dis:7    | Reached skill level 27 in Fighting
105048 | Dis:7    | Received a gift from Okawaru
105059 | Dis:7    | Reached skill level 10 in Translocations
105071 | Dis:7    | Got a dazzling hat {god gift}
105169 | Dis:7    | Reached skill level 15 in Evocations
105727 | Dis:7    | Received a gift from Okawaru
106396 | Dis:7    | Received a gift from Okawaru
106801 | Dis:7    | Identified the +4 staff of Dispater
106801 | Dis:7    | Noticed Dispater
106850 | Dis:7    | Killed Dispater
106850 | Dis:7    | Received a gift from Okawaru
106873 | Dis:7    | Got a fine wooden ring
106903 | Dis:7    | Got an iron rune of Zot
107689 | Lair:1   | Identified the -5 hat of the New World {rElec rN+++ Dex-2}
                  | (Okawaru gifted it to you on level 7 of the Iron City of
                  | Dis)
107709 | Lair:1   | Identified the ring of Igepui {*Tele Str+4 SInv Stlth+}
                  | (You found it on level 7 of the Iron City of Dis)
108008 | Pan      | Entered Pandemonium
108530 | Pan      | Found an exit through the horrors of the Abyss.
109450 | Pan      | Received a gift from Okawaru
109459 | Pan      | Got a pitted crystal plate armour {god gift}
109460 | Pan      | Identified the +14 crystal plate armour of Mezcal {rElec
                  | rF+ rCorr Str+3} (Okawaru gifted it to you in Pandemonium)
109513 | Pan      | Noticed Toicumyo the pandemonium lord
109892 | Pan      | Killed Toicumyo the pandemonium lord
110649 | Pan      | Reached skill level 27 in Unarmed Combat
110683 | Pan      | Identified the Catalogue of Damaging Protection
110686 | Pan      | Got a demonic rune of Zot
110843 | Pan      | Noticed Wenijas the pandemonium lord
110868 | Pan      | Killed Wenijas the pandemonium lord
110868 | Pan      | Reached skill level 5 in Throwing
111344 | Pan      | Received a gift from Okawaru
111617 | Pan      | Entered the realm of Cerebov.
111864 | Pan      | Received a gift from Okawaru
111896 | Pan      | Identified the +6 sword of Cerebov {flame}
111896 | Pan      | Noticed Cerebov
112085 | Pan      | Got a steaming great mace
112100 | Pan      | Identified the +5 great mace "Ucetairr" {vamp, Int+5} (You
                  | found it in Pandemonium)
112136 | Pan      | Got a twisted falchion {god gift}
112137 | Pan      | Identified the +5 falchion of Rurizeina {flame, Str+7 SInv}
                  | (Okawaru gifted it to you in Pandemonium)
112160 | Pan      | Identified the ring "Tilum" {MR- Int+4 Dex+4 Stlth+}
112562 | Pan      | Killed Cerebov
112688 | Pan      | Got a scintillating bone amulet
112690 | Pan      | Got a slimy glass ring
112694 | Pan      | Identified the amulet of Riskod Nonop {rElec Regen+ Str+2}
                  | (You found it in Pandemonium)
112729 | Pan      | Got a twitching pewter ring
112730 | Pan      | Identified the ring "Ocreutte" {+Fly rElec rPois rN+} (You
                  | found it in Pandemonium)
112789 | Pan      | Identified the ring "Waics" {+Inv rPois MR+ Stlth-} (You
                  | found it in Pandemonium)
112811 | Pan      | Got a fiery rune of Zot
112934 | Pan      | Found an exit through the horrors of the Abyss.
113031 | Pan      | Received a gift from Okawaru
113036 | Pan      | Got a shimmering robe {god gift}
113062 | Pan      | Noticed Puttidaoru the pandemonium lord
113075 | Pan      | Killed Puttidaoru the pandemonium lord
113285 | Pan      | Identified the +0 robe of Fun {rElec SInv} (Okawaru gifted
                  | it to you in Pandemonium)
113830 | Pan      | Noticed Ubabbokiho the pandemonium lord
114192 | Pan      | Found an exit through the horrors of the Abyss.
114693 | Pan      | Killed Ubabbokiho the pandemonium lord
114767 | Pan      | Entered the realm of Mnoleg.
114788 | Pan      | Found an exit through the horrors of the Abyss.
114996 | Pan      | Received a gift from Okawaru
115154 | Pan      | Noticed Mnoleg
115176 | Pan      | Paralysed by a floating eye for 3 turns
115350 | Pan      | Received a gift from Okawaru
115618 | Pan      | Received a gift from Okawaru
115746 | Pan      | Killed Mnoleg
115895 | Pan      | Got a glowing rune of Zot
116323 | Pan      | Noticed Cilasuo the pandemonium lord
116365 | Pan      | Killed Cilasuo the pandemonium lord
116368 | Pan      | Received a gift from Okawaru
116511 | Pan      | Reached skill level 10 in Throwing
116573 | Pan      | Received a gift from Okawaru
116944 | Pan      | Received a gift from Okawaru
117776 | Pan      | Noticed Hublus the pandemonium lord
117803 | Pan      | Killed Hublus the pandemonium lord
117885 | Pan      | Found an exit through the horrors of the Abyss.
118049 | Pan      | Noticed Jasum the pandemonium lord
118271 | Pan      | Reached skill level 15 in Translocations
118521 | Pan      | Killed Jasum the pandemonium lord
118521 | Pan      | Received a gift from Okawaru
118782 | Pan      | Entered the realm of Lom Lobon.
119008 | Pan      | Found an exit through the horrors of the Abyss.
119276 | Pan      | Received a gift from Okawaru
119609 | Pan      | Noticed Lom Lobon
120827 | Pan      | Got a magical rune of Zot
121218 | Pan      | Entered the realm of Gloorx Vloq.
121292 | Pan      | Noticed Lom Lobon
121312 | Pan      | Killed Lom Lobon
121397 | Pan      | Noticed Gloorx Vloq
121409 | Pan      | Received a gift from Okawaru
121453 | Pan      | Killed Gloorx Vloq
121627 | Pan      | Received a gift from Okawaru
121759 | Pan      | Found an exit through the horrors of the Abyss.
122021 | Pan      | Received a gift from Okawaru
122076 | Pan      | Got a slimy arbalest
122091 | Pan      | Got a dark rune of Zot
122250 | Depths:3 | Escaped Pandemonium
122334 | Zot:1    | Entered Level 1 of the Realm of Zot
122364 | Depths:5 | Received a gift from Okawaru
122507 | Zot:1    | Received a gift from Okawaru
122635 | Zot:1    | Identified the +0 arbalest "Wokkul" {elec, Dex+4} (You
                  | found it in Pandemonium)
122661 | Zot:1    | Received a gift from Okawaru
122727 | Zot:1    | Got a polished falchion
122728 | Zot:1    | Identified the cursed +0 falchion of Viwuf {drain, Int+4
                  | Stlth+} (You found it on level 1 of the Realm of Zot)
122764 | Zot:1    | Received a gift from Okawaru
123406 | Zot:2    | Received a gift from Okawaru
123638 | Zot:2    | Got a brightly glowing leather armour
123639 | Zot:2    | Identified the +0 leather armour "Gutzef" {rC+} (You found
                  | it on level 2 of the Realm of Zot)
123676 | Zot:2    | Received a gift from Okawaru
123822 | Zot:2    | Noticed an orb of fire
123835 | Zot:2    | Killed an orb of fire
123846 | Zot:2    | Received a gift from Okawaru
123852 | Zot:2    | Got a smelly chain mail {god gift}
123853 | Zot:2    | Identified the +7 chain mail of the Rabble {Stlth+}
                  | (Okawaru gifted it to you on level 2 of the Realm of Zot)
124438 | Zot:3    | Reached skill level 27 in Dodging
124983 | Zot:4    | Got a spiked helmet
124986 | Zot:4    | Identified the +1 helmet "Hutotol" {rPois} (You found it on
                  | level 4 of the Realm of Zot)
125400 | Zot:4    | Received a gift from Okawaru
125558 | Zot:5    | Entered Level 5 of the Realm of Zot
125607 | Zot:5    | Found Cebam's Changing Room.
125771 | Zot:5    | Received a gift from Okawaru
125855 | Zot:5    | Received a gift from Okawaru
126178 | Zot:5    | Received a gift from Okawaru
126180 | Zot:5    | Noticed an ancient lich
126206 | Zot:5    | HP: 11/273 [Orb Guardian (27)]
126206 | Zot:5    | HP: 2/273 [tentacled monstrosity (8)]
126206 | Zot:5    | Slain by a tentacled monstrosity

Skill      XL: |  1  2  3  4  5  6  7  8  9 10 11 12 13 14 15 16 17 18 19 20 21 22 23 24 25 26 27 |
---------------+----------------------------------------------------------------------------------+-----
Dodging        | 3 4 5 6 8 9 10 11 12 13 14 15 16 17 18 19 27 | 27.0
Armour         | 1 2 3 4 6 7 8 9 10 11 12 13 14 15 16 17 26 | 26.7
Fighting       | 3 4 5 6 7 9 10 11 12 13 15 16 17 18 19 20 21 27 | 27.0
Unarmed Combat | 4 5 6 8 9 10 11 12 13 14 15 16 17 18 19 20 27 | 27.0
Invocations    | 4 6 8 10 11 12 17 | 17.5
Crossbows      | 1 6 |  6.1
Shields        | 3 5 6 7 8 9 10 11 12 19 | 19.8
Necromancy     | 1 4 6 7 9 10 11 12 15 | 15.6
Spellcasting   | 1 3 5 6 7 8 9 10 11 13 | 13.9
Charms         | 1 4 5 6 8 9 10 11 14 | 14.3
Stealth        | 2 |  2.6
Evocations     | 15 | 15.6
Translocations | 17 | 17.3
Throwing       | 14 | 14.3

Action                   |  1- 3 |  4- 6 |  7- 9 | 10-12 | 13-15 | 16-18 | 19-21 | 22-24 | 25-27 || total
-------------------------+-------+-------+-------+-------+-------+-------+-------+-------+-------++-------
Melee: Unarmed           |   116 |   225 |   369 |   861 |  1604 |  1618 |  2891 |  2237 | 14744 || 24665
       Punch             |     2 |     3 |    18 |    44 |   139 |   103 |       |       |   122 ||   431
 Fire: Arbalest          |       |       |       |       |       |     1 |       |       |       ||     1
       Blowgun           |       |       |       |       |       |       |    29 |       |       ||    29
Throw: Tomahawk          |       |       |       |       |       |     5 |       |       |       ||     5
       Throwing net      |       |       |       |       |       |     9 |       |     4 |     9 ||    22
 Cast: Regeneration      |       |       |       |       |       |       |     3 |     3 |    52 ||    58
Invok: Heroism           |       |       |     3 |    33 |    44 |    52 |    25 |    43 |   198 ||   398
       Finesse           |       |       |       |     5 |    17 |    20 |    11 |    22 |   110 ||   185
 Abil: Evoke Invisibilit |       |       |       |       |       |       |       |     2 |       ||     2
       Evoke Blink       |       |       |       |       |       |       |       |       |     4 ||     4
       Stop Flying       |       |       |       |       |       |       |       |       |     1 ||     1
       Evoke Flight      |       |       |       |       |       |       |       |       |     1 ||     1
       Evoke Fog         |       |       |       |       |       |       |       |       |     1 ||     1
Evoke: Wand              |       |     1 |       |     1 |     1 |       |     3 |    11 |    23 ||    40
       Horn of Geryon    |       |       |       |       |       |       |       |       |     1 ||     1
  Use: Scroll            |       |       |    10 |    11 |    11 |    17 |    27 |     7 |    81 ||   164
       Potion            |       |       |     1 |     4 |     5 |    10 |     7 |     2 |    60 ||    89
 Stab: Paralysed         |       |     3 |       |       |       |     3 |       |     3 |       ||     9
       Invisible         |       |       |       |     2 |       |       |     7 |     2 |     3 ||    14
       Sleeping          |       |       |       |       |     6 |    10 |     7 |     5 |    65 ||    93
       Petrified         |       |       |       |       |     2 |       |       |       |       ||     2
       Distracted        |       |       |       |       |       |     1 |     3 |     3 |    33 ||    40
       Held in net/web   |       |       |       |       |       |     4 |       |       |    19 ||    23
  Eat: Chunk             |    11 |    13 |    12 |    67 |   156 |    92 |   199 |   155 |   425 ||  1130
       Ration            |       |       |       |       |       |       |       |       |    22 ||    22
Armor: Leather armour    |    27 |     3 |       |       |       |       |       |       |       ||    30
       Scale mail        |       |    84 |   119 |   277 |    91 |       |       |       |       ||   571
       Ring mail         |       |       |       |       |   325 |   136 |       |       |       ||   461
       Troll leather arm |       |       |       |       |       |   142 |   575 |   234 |  1216 ||  2167
Dodge: Dodged            |    64 |   113 |   203 |   541 |  1298 |  1179 |  2103 |   996 |  7675 || 14172
Block: Shield            |       |       |       |       |       |   360 |  1976 |  1372 | 10194 || 13902
       Reflection        |       |       |       |       |       |    15 |    96 |    78 |   126 ||   315
